 Dungeon Crawl Stone Soup version 0.27.1-33-g824d729ab1 (webtiles) character file.

Game seed: 3328071417578617625

5291 mendez88 the Carver (level 10, -5/90 HPs)
             Began as a Minotaur Fighter on Dec 1, 2021.
             Was a Believer of the Shining One.
             Slain by an eight-headed hydra (13 damage)
             ... on level 10 of the Dungeon.
             The game lasted 00:49:36 (9302 turns).

mendez88 the Carver (Minotaur Fighter)              Turns: 9302, Time: 00:49:36

Health: -5/90      AC: 20    Str: 23    XL:     10   Next: 37%
Magic:  9/9        EV:  6    Int:  5    God:    the Shining One [**....]
Gold:   268        SH: 16    Dex: 11    Spells: 9/9 levels left

rFire    . . .     SeeInvis .   P - +4 scimitar
rCold    . . .     Faith    .   c - +0 kite shield
rNeg     + . .     Spirit   .   O - +3 plate armour
rPois    .         Reflect  +   (helmet restricted)
rElec    .         Harm     .   Q - +0 cloak
rCorr    +         Rampage  .   h - +0 pair of gloves
Will     .....                  (no boots)
Stlth    ..........             M - amulet of reflection
HPRegen  0.25/turn              o - +4 ring of slaying
MPRegen  0.11/turn              j - ring of resist corrosion

@: mighty, glowing
A: horns 2, retaliatory headbutt
a: Renounce Religion, Divine Shield


You were on level 10 of the Dungeon.
You worshipped the Shining One.
The Shining One was pleased with you.
You visited 2 branches of the dungeon, and saw 11 of its levels.
You also visited: Sewer.

You collected 268 gold pieces.

Inventory:

Hand Weapons
 D - a +0 short sword of electrocution
 P - a +4 scimitar (weapon)
Missiles
 f - 314 stones (quivered)
 g - 107 poisoned darts
Armour
 c - a +0 kite shield (worn)
 h - a +0 pair of gloves (worn)
 w - a +1 scale mail of poison resistance
 O - a +3 plate armour (worn)
 Q - a +0 cloak (worn)
Jewellery
 j - a ring of resist corrosion (right hand)
 o - a +4 ring of slaying (left hand)
 J - a ring of magical power
 M - an amulet of reflection (around neck)
Wands
 r - a wand of polymorph (19)
 u - a wand of charming (6)
 F - a wand of digging (1)
 G - a wand of acid (7)
 L - a wand of mindburst (13)
Scrolls
 k - a scroll of amnesia {unknown}
 m - 6 scrolls of identify {unknown}
 y - 2 scrolls of enchant armour {unknown}
 z - 3 scrolls of immolation {unknown}
 A - a scroll of vulnerability {unknown}
 B - a scroll of summoning {unknown}
 C - a scroll of fog {unknown}
 K - 2 scrolls of teleportation {unknown}
 N - a scroll of fear {unknown}
Potions
 b - a potion of berserk rage {unknown}
 d - 2 potions of might
 e - a potion of lignification {unknown}
 i - 3 potions of brilliance {unknown}
 l - 4 potions of invisibility {unknown}
 n - a potion of degeneration {unknown}
 p - 3 potions of magic {unknown}
 s - 3 potions of curing
 t - a potion of attraction {unknown}
 v - 2 potions of ambrosia {unknown}
 x - 3 potions of haste {unknown}
 E - 5 potions of heal wounds {unknown}
 H - 3 potions of cancellation {unknown}
 I - a potion of mutation {unknown}


   Skills:
 + Level 8.5 Fighting
 + Level 11.5 Long Blades
 + Level 9.4 Armour
 + Level 3.2 Dodging
 + Level 1.4 Stealth
 + Level 8.5 Shields


You had 9 spell levels left.
You didn't know any spells.
Your spell library contained the following spells:

 Spells                   Type           Power      Damage    Failure   Level
 Beastly Appendage        Tmut           0%         N/A       100%        1
 Summon Small Mammal      Summ           0%         N/A       100%        1
 Wereblood                Tmut           0%         N/A       100%        2
 Call Canine Familiar     Summ           0%         N/A       100%        3
 Frozen Ramparts          Ice            0%         1d2       100%        3
 Gell's Gravitas          Tloc           0%         N/A       100%        3
 Lesser Beckoning         Tloc           0%         N/A       100%        3
 Spider Form              Tmut/Pois      0%         N/A       100%        3
 Summon Guardian Golem    Hex/Summ       0%         N/A       100%        3
 Teleport Other           Tloc           0%         N/A       100%        3
 Ice Form                 Ice/Tmut       0%         N/A       100%        4
 Summon Ice Beast         Ice/Summ       0%         N/A       100%        4
 Blade Hands              Tmut           0%         N/A       100%        5
 Irradiate                Conj/Tmut      0%         3d13      100%        5
 Dragon Form              Tmut           0%         N/A       100%        7


Dungeon Overview and Level Annotations

Branches:
Dungeon (10/15)            Temple (1/1) D:6           Sewer (visited)
   Lair: D:8-11         Orc: D:9-12

Altars:
Ashenzari
Cheibriados
Dithmenos
Elyvilon
Fedhas
Gozag
Hepliaklqana
Kikubaaqudgha
Makhleb
Nemelex Xobeh
Okawaru
Qazlal
Ru
Sif Muna
Trog
Uskayaw
Vehumet
Wu Jian
Xom
Yredelemnul
Zin
The Shining One


Innate Abilities, Weirdness & Mutations

You have a pair of horns on your head.
You reflexively headbutt those who attack you in melee.


Message History

You chop one of the six-headed hydra's heads off!
The five-headed hydra grows two more!
You slice the seven-headed hydra!! You headbutt the seven-headed hydra!
The seven-headed hydra is severely wounded.
The seven-headed hydra bites you but does no damage.
You block the seven-headed hydra's attack.
The seven-headed hydra bites you but does no damage. x2
You block the seven-headed hydra's attack.
The seven-headed hydra closely misses you.
The seven-headed hydra barely misses you.
You feel better. The seven-headed hydra bites you.
* * * LOW HITPOINT WARNING * * *
You block the seven-headed hydra's attack.
The seven-headed hydra bites you but does no damage.
You block the seven-headed hydra's attack. x2
The seven-headed hydra bites you!
* * * LOW HITPOINT WARNING * * *
You block the seven-headed hydra's attack.
You feel better.
The seven-headed hydra bites you but does no damage.
You block the seven-headed hydra's attack. x2
The seven-headed hydra bites you but does no damage. x2
The seven-headed hydra barely misses you.
You block the seven-headed hydra's attack.
Unknown command.
You lop one of the seven-headed hydra's heads off!
The six-headed hydra grows two more!
You slice the eight-headed hydra!!
The eight-headed hydra is severely wounded.
You block the eight-headed hydra's attack.
The eight-headed hydra closely misses you.
The eight-headed hydra bites you.
* * * LOW HITPOINT WARNING * * *
The eight-headed hydra bites you but does no damage. x3
You block the eight-headed hydra's attack. x2
You feel better.
You block the eight-headed hydra's attack.
The eight-headed hydra bites you!
* * * LOW HITPOINT WARNING * * *
The eight-headed hydra bites you!
You die...

####+###/....
#.....$......
#............
+............
#............
#............
#............
#....D.......
....##@##......
. #...# .....
#...# ....
#...# ... #...#
.. +...# #
#...# #.###


You could see an eight-headed hydra.

Vanquished Creatures
  A two-headed ogre (D:9)
  A centaur zombie (D:5)
  A hornet (D:7)
  Sigmund (D:4)
  A wraith (D:7)
  A wyvern (D:7)
  2 swamp worms (D:8)
  A water moccasin (D:8)
  A sky beast (D:3)
  3 orc warriors
  3 necrophages
  2 ogres (D:4)
  2 black bears
  2 centaurs
  2 phantoms
  Blork the orc (D:4)
  5 kobold brigands
  2 bullfrogs
  A scorpion (D:6)
  A wyvern zombie (D:8)
  3 killer bees (D:7)
  5 wights (D:6)
  A crimson imp (D:5)
  A bullfrog zombie (D:6)
  A hound (D:4)
  A jelly (D:8)
  3 orc priests
  2 bullfrog skeletons
  Jessica (D:3)
  Ijyb (D:3)
  Natasha (thrice) (D:3)
  2 iguanas (D:5)
  8 orc wizards
  Robin (D:4)
  6 adders
  11 river rats
  2 white imps
  3 worms
  An adder skeleton (D:4)
  A dart slug (D:2)
  31 orcs
  14 ball pythons
  7 bats
  9 endoplasms
  9 giant cockroaches
  13 hobgoblins
  2 jackals (D:4)
  31 kobolds
  3 quokkas
  2 frilled lizards (D:1)
  9 goblins
  25 rats
246 creatures vanquished.

Vanquished Creatures (others)
  A kobold (D:8)
  3 plants (D:8)
4 creatures vanquished.

Grand Total: 250 creatures vanquished

Notes
Turn   | Place    | Note
-------+----------+-------------------------------------------
     0 | D:1      | mendez88 the Minotaur Fighter began the quest for the Orb.
     0 | D:1      | Reached XP level 1. HP: 19/19 MP: 0/0
   279 | D:1      | Reached XP level 2. HP: 27/27 MP: 1/1
  1001 | D:2      | Reached XP level 3. HP: 33/33 MP: 2/2
  1058 | D:2      | Found a faded altar of an unknown god.
  1178 | D:3      | Reached skill level 3 in Long Blades
  1436 | D:2      | Reached XP level 4. HP: 37/40 MP: 3/3
  1968 | D:3      | Noticed Natasha
  1974 | D:3      | Killed Natasha
  2132 | D:3      | Noticed Ijyb
  2151 | D:3      | Killed Ijyb
  2180 | D:3      | Noticed Natasha
  2184 | D:3      | Killed Natasha
  2185 | D:3      | Reached XP level 5. HP: 46/47 MP: 4/4
  2268 | D:3      | Noticed Natasha
  2276 | D:3      | Killed Natasha
  2277 | D:3      | Reached skill level 5 in Armour
  2277 | D:3      | Reached skill level 1 in Dodging
  2289 | D:4      | Noticed an ogre
  2373 | D:3      | Noticed a sky beast
  2381 | D:3      | Killed a sky beast
  2382 | D:3      | Reached skill level 4 in Long Blades
  2382 | D:3      | Reached skill level 5 in Shields
  2382 | D:3      | Reached XP level 6. HP: 45/53 MP: 5/5
  2603 | D:3      | Noticed Jessica
  2608 | D:3      | Killed Jessica
  3193 | D:5      | Entered Level 5 of the Dungeon
  3484 | D:4      | Reached skill level 5 in Long Blades
  3582 | D:4      | Reached skill level 5 in Fighting
  3582 | D:4      | Reached XP level 7. HP: 32/61 MP: 6/6
  4017 | D:4      | Reached skill level 6 in Long Blades
  4180 | D:4      | Noticed Blork the orc
  4180 | D:4      | Noticed Sigmund
  4195 | D:4      | Killed Sigmund
  4196 | D:4      | Reached skill level 1 in Stealth
  4200 | D:4      | Killed Blork the orc
  4201 | D:4      | Reached XP level 8. HP: 57/69 MP: 7/7
  4222 | D:4      | Found a glowing golden altar of the Shining One.
  4222 | D:4      | Noticed Robin
  4235 | D:4      | Killed Robin
  4264 | D:4      | Became a worshipper of the Shining One
  4417 | D:5      | Reached skill level 7 in Long Blades
  4604 | D:6      | Reached skill level 8 in Long Blades
  4627 | D:6      | Found a staircase to the Ecumenical Temple.
  4628 | D:6      | Reached * piety under the Shining One
  4941 | D:6      | Found a glowing drain.
  4962 | Sewer    | Entered a sewer
  5456 | Sewer    | Reached XP level 9. HP: 78/78 MP: 8/8
  5472 | Sewer    | Reached skill level 9 in Long Blades
  6061 | D:5      | Found a stormy altar of Qazlal.
  6707 | Temple   | Entered the Ecumenical Temple
  8277 | D:7      | Reached skill level 10 in Long Blades
  8598 | D:8      | Reached XP level 10. HP: 88/88 MP: 9/9
  8696 | D:8      | Reached ** piety under the Shining One
  9196 | D:8      | Reached skill level 11 in Long Blades
  9252 | D:10     | Entered Level 10 of the Dungeon
  9272 | D:9      | Noticed a two-headed ogre
  9274 | D:9      | Noticed a four-headed hydra
  9284 | D:9      | Killed a two-headed ogre
  9290 | D:10     | HP: 3/90 [six-headed hydra (6)]
  9302 | D:10     | Slain by an eight-headed hydra

Illustrated notes

Levels and vault maps discovered:
D:1:      minmay_arrival_stone_box, layout_basic
D:2:      cheibrodos_old_hovel, layout_basic,
          shapermc_ecumenical_altar_notcrosses, minmay_statues_item
D:3:      layout_loops_ring, dk_vineyard_2, feat_on_display, uniq_ijyb,
          uniq_jessica, uniq_natasha
D:4:      layout_basic, mainiacjoe_overflow_six_doors_small, minmay_circle_x,
          uniq_blork_the_orc, uniq_robin, uniq_sigmund
D:5:      layout_cave_pools, overflow_temple_1_default, minmay_fire_ice_demons
D:6:      layout_loops_cross, temple_fountains, portal_sewer_entry_b,
          minmay_misc_feat_hallway, minmay_misc_feat_encased
D:7:      layout_loops_ring
D:8:      layout_loops_ring, worms_lemuel
D:9:      layout_cave_pools, minmay_checkerbox
D:10:     layout_gridville, hiddenorc1_lemuel, gammafunk_ghost_nasty_kobolds,
          uniq_snorg, uniq_erolcha
Temple:   regret_index_temple_chain_breaker

Skill      XL: |  1  2  3  4  5  6  7  8  9 10 |
---------------+-------------------------------+-----
Armour         | 4 5 6 7 9 |  9.4
Shields        | 4 5 6 7 8 |  8.5
Fighting       | 4 5 6 7 8 |  8.5
Long Blades    | 3 4 5 6 8 10 11 | 11.5
Dodging        | 1 2 3 |  3.2
Stealth        | 1 |  1.4

Action                   |  1- 3 |  4- 6 |  7- 9 | 10-12 || total
-------------------------+-------+-------+-------+-------++-------
Melee: Long sword        |    96 |    98 |   242 |       ||   436
       Headbutt          |    10 |    11 |    53 |    15 ||    89
       Scimitar          |       |       |    55 |    38 ||    93
  Use: Potion            |       |       |       |     8 ||     8
       Scroll            |       |       |       |     1 ||     1
Armor: Scale mail        |    44 |    38 |     2 |       ||    84
       Chain mail        |     1 |     8 |       |       ||     9
       Plate armour      |       |       |   170 |    40 ||   210
Dodge: Dodged            |    33 |    19 |    57 |    18 ||   127
Block: Kite shield       |    52 |    31 |   180 |    52 ||   315
       Reflection        |       |       |     5 |     2 ||     7
       Rpst.: Long sword |     9 |     7 |    12 |       ||    28
       Scimitar          |       |       |     1 |     5 ||     6
